 Dungeon Crawl Stone Soup version 0.26.1-11-gd32895ea62 (webtiles) character file.

Game seed: 3749402468475236007

238 buriedalive the Grave Robber (level 5, -1/35 HPs)
             Began as a Demonspawn Necromancer on June 2, 2021.
             Slain by a sky beast (2 damage)
             ... on level 4 of the Dungeon.
             The game lasted 00:07:29 (5282 turns).

buriedalive the Grave Robber (DsNe)                 Turns: 5282, Time: 00:07:30

Health: -1/35      AC:  3    Str:  9    XL:     5   Next: 78%
Magic:  2/9        EV: 14    Int: 17    God:
Gold:   164        SH:  0    Dex: 13    Spells: 4/10 levels left

rFire    . . .     SeeInvis .   h - +1 short sword (drain)
rCold    . . .     Faith    .   (no shield)
rNeg     . . .     Spirit   .   a - +0 robe
rPois    .         Reflect  .   s - +1 hat
rElec    .         Harm     .   (no cloak)
rCorr    .         Rampage  .   (no gloves)
Will     .....                  (no boots)
Stlth    ++........             (no amulet)
HPRegen  0.11/turn              (no ring)
MPRegen  0.11/turn              (no ring)

@: no status effects
A: horns 1, talons 1, powered by death 1
a: no special abilities


You were on level 4 of the Dungeon.
You visited 1 branch of the dungeon, and saw 4 of its levels.
You also visited: Sewer.

You collected 164 gold pieces.

Inventory:

Hand Weapons
 h - a +1 short sword of draining (weapon)
Missiles
 b - 83 stones
 c - 12 poisoned darts
 r - 6 curare-tipped darts
Armour
 a - a +0 robe (worn)
 s - a +1 hat (worn)
Wands
 u - a wand of random effects (16)
Scrolls
 e - 4 scrolls of identify {unknown}
 g - a scroll of amnesia {unknown}
 k - 3 scrolls of fear {unknown}
 l - 6 scrolls of teleportation {unknown}
 m - 3 scrolls of enchant armour {unknown}
 n - 5 scrolls of remove curse {unknown}
 q - 2 scrolls of magic mapping {unknown}
Potions
 d - 3 potions of heal wounds {unknown}
 f - 2 potions of curing {unknown}
 i - a potion of flight {unknown}
 j - 2 potions of degeneration {unknown}
 o - a potion of mutation {unknown}
 p - a potion of invisibility {unknown}
 t - a potion of haste {unknown}
 v - a potion of might {unknown}
 w - 2 potions of magic {unknown}


   Skills:
 + Level 3.8 Dodging
 - Level 1.7 Stealth
 - Level 3.0 Spellcasting
 + Level 6.0 Necromancy


You had 4 spell levels left.
You knew the following spells:

 Your Spells              Type           Power        Failure   Level
a - Pain                  Necr           92%          1%          1
b - Animate Dead          Necr           11%          14%         4
c - Animate Skeleton      Necr           46%          1%          1

Your spell library contained the following spells:

 Spells                   Type           Power        Failure   Level
 Vampiric Draining        Necr           11%          4%          3
 Agony                    Necr           23%          38%         5


Dungeon Overview and Level Annotations

Branches:
Dungeon (4/15)              Sewer (visited)
 Temple: D:4-7

Altars:
Cheibriados


Innate Abilities, Weirdness & Mutations

You have a pair of small horns on your head.
You have sharp toenails.
You regenerate a little health from kills.


Message History

Aim: a sky beast (heavily wounded, chance to affect: 83%)
The sky beast writhes in agony.
The sky beast closely misses you.
Casting: Pain (safe; 1% risk of failure)
Confirm with . or Enter, or press ? or * to list all spells.
Aiming: Pain (safe; 1% risk of failure)
Press: ? - help, Shift-Dir - straight line, f/p - sky beast
Aim: a sky beast (severely wounded, chance to affect: 83%)
The sky beast barely resists.
The sky beast flickers out of sight!
Deactivating autopickup; reactivate with Ctrl-A.
Something hits you.
* * * LOW HITPOINT WARNING * * *
Something shocks you.
* * * LOW HITPOINT WARNING * * *
Casting: Pain (safe; 1% risk of failure)
Confirm with . or Enter, or press ? or * to list all spells.
You don't know that spell.
Sorry, you're not good enough to have a special ability.
You hit something. You claw something. Something hits you but does no damage.
Something hits you.
You die...

##### ....######
#########
##.......###........
......##........##
#...#..##..#...?@#
≈≈≈≈≈.....#..#.#.{......
≈≈≈≈≈≈#.#...##.#######.#
≈≈≈≈≈≈≈..<.###.#
≈≈.≈≈≈.....# #.#
≈≈≈≈≈≈...#......
≈≈≈≈≈≈#..######.
≈≈≈≈≈....#### ..
#...#..##...#....


There were no monsters in sight!

Vanquished Creatures
  A hound (D:4)
  4 adders
  7 river rats (Sewer)
  2 worms (D:4)
  5 dart slugs
  2 leopard geckos (D:1)
  2 orcs (D:3)
  5 ball pythons
  2 giant cockroaches
  7 goblins
  8 hobgoblins
  10 jackals
  9 kobolds
  A quokka (D:2)
  4 bats
  12 frilled lizards
  19 rats
100 creatures vanquished.

Vanquished Creatures (others)
  4 plants (D:1)
4 creatures vanquished.

Grand Total: 104 creatures vanquished

Notes
Turn   | Place    | Note
-------+----------+-------------------------------------------
     0 | D:1      | buriedalive the Demonspawn Necromancer began the quest for
                  | the Orb.
     0 | D:1      | Reached XP level 1. HP: 13/13 MP: 3/3
   864 | D:1      | Gained mutation: You have a pair of small horns on your
                  | head. [demonic ancestry]
   864 | D:1      | Reached XP level 2. HP: 16/19 MP: 1/5
  1510 | D:1      | Gained mutation: You have sharp toenails. [demonic
                  | ancestry]
  1510 | D:1      | Reached XP level 3. HP: 24/24 MP: 6/6
  2276 | D:2      | Found a snail-covered altar of Cheibriados.
  2399 | D:2      | Reached skill level 5 in Necromancy
  2788 | D:2      | Gained mutation: You regenerate a little health from kills.
                  | [demonic ancestry]
  2788 | D:2      | Reached XP level 4. HP: 26/30 MP: 4/8
  3731 | D:3      | Learned a level 4 spell: Animate Dead
  3835 | D:3      | Learned a level 1 spell: Animate Skeleton
  4356 | D:4      | Found a glowing drain.
  4380 | Sewer    | Entered a sewer
  4469 | Sewer    | Reached XP level 5. HP: 24/35 MP: 6/9
  5272 | D:4      | Noticed a sky beast
  5278 | D:4      | Reached skill level 6 in Necromancy
  5281 | D:4      | HP: 1/35 [something (5)]
  5282 | D:4      | Slain by a sky beast

Illustrated notes

Levels and vault maps discovered:
D:1:      lemuel_arrival_funnel, layout_loops_corners, lexackson_kobold_supper
D:2:      layout_loops_ring, old_standard_altar
D:3:      layout_basic
D:4:      layout_rooms, temple_doors_ab, cheibrodos_sewer_entry_drain,
          serial_shops, kennysheep_little_box

Skill      XL: |  1  2  3  4  5 |
---------------+----------------+-----
Dodging        | 2 3 |  3.8
Necromancy     | 5 6 |  6.0
Spellcasting   | 3 |  3.0
Stealth        | |  1.7

Action                   |  1- 3 |  4- 6 || total
-------------------------+-------+-------++-------
Melee: Unarmed           |     8 |       ||     8
       Short sword       |    38 |    70 ||   108
       Kick              |     3 |    14 ||    17
       Headbutt          |     3 |     5 ||     8
 Cast: Pain              |    57 |    64 ||   121
       Animate Skeleton  |       |     1 ||     1
 Stab: Sleeping          |     2 |     4 ||     6
Armor: Robe              |     9 |    20 ||    29
Dodge: Dodged            |    45 |    62 ||   107
